 Dungeon Crawl Stone Soup version 0.23.1 (webtiles) character file.

Game seed: 12436547063034143879

383 esteth the Chopper (level 6, -1/58 HPs)
             Began as a Hill Orc Monk on Mar 8, 2019.
             Slain by an ogre
             ... wielding a +0 giant spiked club
              (16 damage)
             ... on level 4 of the Dungeon.
             The game lasted 00:07:21 (4371 turns).

esteth the Chopper (Hill Orc Monk)                  Turns: 4371, Time: 00:07:22

Health: -1/58      AC: 11    Str: 15 (16) XL:     6   Next: 76%
Magic:  6/6        EV: 11    Int:  7 (10) God:
Gold:   208        SH:  0    Dex: 10 (13) Spells: 5/5 levels left

rFire    . . .     SeeInvis .   a - +0 hand axe
rCold    . . .     Gourm    .   (no shield)
rNeg     . . .     Faith    .   j - +2 ring mail {rPois}
rPois    +         Spirit   .   k - +2 helmet
rElec    .         Reflect  .   (no cloak)
rCorr    .         Harm     .   n - +0 pair of gloves
MR       .....                  (no boots)
Stlth    +.........             (no amulet)
HPRegen  0.19/turn              (no ring)
MPRegen  0.10/turn              (no ring)

@: no status effects
A: no striking features
a: no special abilities


You were on level 4 of the Dungeon.
You were not hungry.

You visited 1 branch of the dungeon, and saw 4 of its levels.

You collected 208 gold pieces.

Inventory:

Hand Weapons
 a - a +0 hand axe (weapon)
Armour
 b - a +0 robe
 j - a +2 ring mail of poison resistance (worn)
 k - a +2 helmet (worn)
 n - a +0 pair of gloves (worn)
Scrolls
 d - 8 scrolls of remove curse
 e - 2 scrolls of noise {unknown}
 g - 6 scrolls of identify {unknown}
 p - a scroll of magic mapping {unknown}
 q - a scroll of enchant armour {unknown}
 s - 3 scrolls of blinking {unknown}
Potions
 i - a potion of degeneration
 l - a potion of lignification {unknown}
 m - a potion of brilliance {unknown}
 o - a potion of curing {unknown}
 r - a potion of invisibility {unknown}
Comestibles
 c - 7 rations


   Skills:
 + Level 6.7 Fighting
 + Level 7.4 Axes
 - Level 2.4 Dodging
 - Level 1.5 Stealth


You had 5 spell levels left.
You didn't know any spells.
Your spell library was empty.

Dungeon Overview and Level Annotations

Branches:
Dungeon (4/15)
 Temple: D:4-7

Altars:
Kikubaaqudgha
Qazlal
The Shining One

Shops:
D:4 [

Annotations:
D:3 1 runed translucent door, Crazy Yiuf
D:4 Edmund


Message History

The ogre is moderately wounded.
The ogre hits you with a +0 giant spiked club.
You closely miss the ogre.
The ogre is moderately wounded.
You hit the ogre.
The ogre is heavily wounded.
The ogre misses you.
You barely miss the ogre.
The ogre is heavily wounded.
The ogre barely misses you.
You hit the ogre.
The ogre is severely wounded.
You closely miss the ogre.
The ogre is severely wounded.
The ogre hits you with a +0 giant spiked club!
* * * LOW HITPOINT WARNING * * *
You hit the ogre but do no damage.
The ogre is severely wounded.
The ogre hits you with a +0 giant spiked club!
You die...

#.#...# #.........#####
#.#.#####.........#...##
#####.#...............+.....
........######........#...##
##########....#
######...'...++
.......#####..#
#......###...##
######........# #......#
###### #
#........#####......# #
#.####..<.O@........# # #.#
#.#.#####......## # #.#
#.#.# #.......# ######.#
#.#.# #.###...# .....#.#
#.#.# #.# #...#
####.#.####.#.#####.# ##'##
# #.#..............# #.#
#.######.#.......####.# #.#
#.................#


You could see an ogre.

Vanquished Creatures
  2 slaves (D:4)
  A vampire bat (D:3)
  A howler monkey (D:4)
  A bullfrog skeleton (D:4)
  An orc wizard (D:3)
  2 worker ants (D:4)
  Natasha (D:2)
  Robin (D:4)
  6 adders
  An ooze (D:3)
  A worm (D:2)
  A leopard gecko (D:1)
  6 orcs (D:3)
  6 bats
  3 bat skeletons (D:3)
  2 bat zombies (D:3)
  A giant cockroach (D:1)
  19 goblins
  9 hobgoblins
  14 jackals
  3 quokkas
  4 frilled lizards
  6 kobolds
  9 rats
101 creatures vanquished.

Notes
Turn   | Place    | Note
-------+----------+-------------------------------------------
     0 | D:1      | esteth the Hill Orc Monk began the quest for the Orb.
     0 | D:1      | Reached XP level 1. HP: 19/19 MP: 1/1
   309 | D:1      | Reached XP level 2. HP: 27/27 MP: 2/2
  1052 | D:2      | Reached XP level 3. HP: 18/34 MP: 3/3
  1232 | D:2      | Reached skill level 5 in Axes
  1450 | D:2      | Found a stormy altar of Qazlal.
  1463 | D:2      | Found a glowing golden altar of the Shining One.
  1772 | D:2      | Reached XP level 4. HP: 41/41 MP: 4/4
  1872 | D:2      | Noticed Natasha
  1879 | D:2      | Killed Natasha
  1879 | D:2      | Reached skill level 5 in Fighting
  2186 | D:3      | Reached XP level 5. HP: 48/48 MP: 5/5
  2414 | D:3      | Reached skill level 6 in Axes
  2638 | D:3      | Found a glowing golden altar of the Shining One.
  2714 | D:3      | Found a runed translucent door.
  2715 | D:3      | Noticed Crazy Yiuf
  2952 | D:3      | Found an ancient bone altar of Kikubaaqudgha.
  3184 | D:4      | Reached XP level 6. HP: 49/57 MP: 6/6
  3263 | D:4      | Noticed Edmund
  3611 | D:4      | Reached skill level 7 in Axes
  3747 | D:4      | Found Jyrred's Antique Armour Boutique.
  3830 | D:4      | Noticed Robin
  3854 | D:4      | Noticed a slave
  3856 | D:4      | Killed Robin
  3869 | D:4      | Noticed a slave
  3887 | D:4      | Killed a slave
  3895 | D:4      | Killed a slave
  4371 | D:4      | Slain by an ogre

Skill      XL: |  1  2  3  4  5  6 |
---------------+-------------------+-----
Fighting       | 4 5 6 |  6.7
Axes           | 5 6 7 |  7.4
Dodging        | |  2.4
Stealth        | |  1.5

Action                   |  1- 3 |  4- 6 || total
-------------------------+-------+-------++-------
Melee: Hand axe          |   127 |   252 ||   379
  Use: Potion            |     1 |     4 ||     5
       Scroll            |     1 |       ||     1
 Stab: Sleeping          |     1 |       ||     1
  Eat: Chunk             |     3 |     7 ||    10
       Ration            |       |     1 ||     1
Armor: Robe              |    16 |       ||    16
       Ring mail         |     6 |   134 ||   140
Dodge: Dodged            |   100 |   207 ||   307
